 Dungeon Crawl Stone Soup version 0.31-a0-986-g5e6e4ef867 (webtiles) character file.

Game seed: 898448884939891871

74 timneilson the Ruffian (level 4, 0/29 HPs)
             Began as an Octopode Shapeshifter on Nov 11, 2023.
             Succumbed to an orc's poison
             ... on level 3 of the Dungeon.
             The game lasted 00:03:20 (1621 turns).

timneilson the Ruffian (Octopode Shapeshifter)      Turns: 1621, Time: 00:03:20

Health: 0/29       AC:  1    Str: 15    XL:     4   Next: 28%
Magic:  4/4        EV: 13    Int: 12    God:
Gold:   78         SH:  0    Dex: 11    Spells: 4/4 levels left

rFire   . .          .
                       - Unarmed
rCold   . . .        (no shield)
rNeg    . . .        (helmet currently unavailable)
rPois   .            (no amulet)
rElec   .            (no ring)
rCorr   .            (no ring)
SInv    .            (no ring)
Will    .....        (no ring)
Stlth   +++          (no ring)
HPRegen 0.24/turn    (no ring)
MPRegen 0.09/turn    (no ring)
                     (no ring)

%: no passive effects
@: lethally poisoned (0 -> -1), beast-form, attractive
A: beast (slay +2), almost no armour, amphibious, 8 rings, camouflage 1,
gelatinous body 1, (nimble swimmer 1), tentacles
a: Begin Untransformation


You were on level 3 of the Dungeon.
You were a hulking beast.
You visited 1 branch of the dungeon, and saw 3 of its levels.

You collected 78 gold pieces.

Inventory:

Talismans
 b - a beast talisman
 c - a flux talisman
Wands
 h - a wand of roots (7)
Scrolls
 e - 2 scrolls of enchant weapon
 i - a scroll of fog
 j - a scroll of fear {unknown}
Potions
 a - a potion of lignification
 d - a potion of might
 g - 2 potions of magic
 l - a potion of berserk rage


   Skills:
 * Level 1.8 Fighting
 * Level 2.3 Dodging
 + Level 1.4 Stealth
 * Level 3.5 Unarmed Combat
 + Level 0.5 Spellcasting
 + Level 0.3 Evocations
 * Level 3.5 Shapeshifting


You had 4 spell levels left.
You didn't know any spells.
Your spell library contained the following spells:

 Spells                   Type           Power      Damage    Failure   Level
 Shock                    Conj/Air       0%         1d3       32%         1
 Swiftness                Air            0%         N/A       67%         3
 Airstrike                Air            0%         2d(0-16)  97%         4


Dungeon Overview and Level Annotations

Branches:
Dungeon (3/15)

Altars:
Makhleb
Ru


Innate Abilities, Weirdness & Mutations

You are a hulking beast.
Your limbs bulge with bestial killing power. (Slay +2)
You cannot wear most types of armour.
You are amphibious.
You can wear up to eight rings at the same time.
Your skin changes colour to match your surroundings (Stealth+).
Your rubbery body absorbs attacks. (AC +1, EV +1)
((You are camouflaged when in or above water. (Stealth+)))
You have tentacles for arms and can constrict up to eight enemies at once.


Message History

An orc comes into view. It is wielding a +2 hand axe of venom.
You closely miss the orc. Your grab misses the orc.
The orc hits you with a +2 hand axe of venom.
You tentacle-slap the orc. You grab the orc.
The orc is lightly wounded.
You constrict the orc.
The orc hits you with a +2 hand axe of venom!
You are lethally poisoned!
You tentacle-slap the orc. You squeeze the orc.
You kill the orc!
You feel very sick.
You feel very sick.
Items here: $ ) [ †.
As you read the scroll of identify, it crumbles to dust.
d - a potion of might
* * * LOW HITPOINT WARNING * * *
You feel sick.
As you read the scroll of identify, it crumbles to dust.
l - a potion of berserk rage
* * * LOW HITPOINT WARNING * * *
You feel sick.
Okay, then.
It was a potion of attraction.
You feel attractive to monsters.
* * * LOW HITPOINT WARNING * * *
You feel sick.
As you read the scroll labelled YZOJIG PUGA, it crumbles to dust.
It is a scroll of enchant weapon.
The +2 hand axe of venom glows red for a moment.
* * * LOW HITPOINT WARNING * * *
You feel sick.
Press: ? - help, v - describe, . - travel, g - get item
Items here: $ ) [ †.
The floor.
Okay, then.
* * * LOW HITPOINT WARNING * * *
You feel sick.
* * * LOW HITPOINT WARNING * * *
You feel sick.
You die...

#.##..†.......#...#
##.##..............#
#..##........>##...## ....
##.###...............####....
#..# #.......................
#.## ###..###..).####.###....
##.# ##..##....### #.###....
#..####......#.## #...#....
####.#..........h.# ###.#....
.......##.........# #..#
.###.####.........# ##.#
..##..............# #.#
.................## #.#
.......##.##.....## ########.#
####.#.##.#.......# #......#.###
.###.#..#.#...#.#.# #......#...#
..).......#...#.#.###......###.##


There were no monsters in sight!

Vanquished Creatures
  2 adders (D:2)
  A worm (D:2)
  2 dart slugs (D:1)
  2 orcs (D:3)
  2 ball pythons
  A bat (D:1)
  3 endoplasms
  A giant cockroach (D:1)
  2 goblins
  3 hobgoblins
  7 jackals
  2 quokkas (D:2)
  8 kobolds
  5 rats
41 creatures vanquished.

Notes
Turn   | Place    | Note
-------+----------+-------------------------------------------
     0 | D:1      | timneilson the Octopode Shapeshifter began the quest for
                  | the Orb.
     0 | D:1      | Reached XP level 1. HP: 13/13 MP: 1/1
   201 | D:1      | Reached XP level 2. HP: 18/18 MP: 2/2
   284 | D:1      | Found a faded altar of an unknown god.
   551 | D:1      | Reached skill level 1 in Stealth
   712 | D:2      | Reached XP level 3. HP: 23/23 MP: 3/3
  1317 | D:2      | Reached XP level 4. HP: 26/29 MP: 4/4
  1438 | D:3      | Found a sacrificial altar of Ru.
  1600 | D:3      | Found a burning altar of Makhleb.
  1600 | D:3      | Noticed an Executioner
  1620 | D:3      | HP: 1/29 [poisoned by an orc]
  1621 | D:3      | Succumbed to an orc's poison

Illustrated notes

Levels and vault maps discovered:
D:1:      lightli_arrival_chessboard, layout_loops_ring,
          hellmonk_ecumenical_altar_run_dry
D:2:      layout_basic
D:3:      layout_rooms, hellmonk_okawaru_the_only_friend_you_need,
          makhleb_altar_promises_db, old_standard_altar,
          hangedman_decor_slide_cut

Skill      XL: |  1  2 |
---------------+-------+-----
Stealth        | 1 |  1.4
Fighting       | |  1.8
Dodging        | |  2.3
Unarmed Combat | |  3.5
Spellcasting   | |  0.5
Evocations     | |  0.3
Shapeshifting  | |  3.5

Action                     |  1- 3 |  4- 6 || total
---------------------------+-------+-------++-------
  Melee: Unarmed           |    53 |    26 ||    79
         Constrict         |    15 |     8 ||    23
         Tentacles         |     8 |     6 ||    14
         Punch             |     1 |       ||     1
    Use: Scroll            |     2 |     7 ||     9
         Potion            |       |     1 ||     1
   Stab: Sleeping          |     4 |       ||     4
 Armour: Skin              |    16 |    12 ||    28
  Dodge: Dodged            |    23 |    18 ||    41

Table legend: (Time is in decaauts)
 A = Elapsed time spent in this place.
 B = Non-inter-level travel time spent in this place.
 C = Inter-level travel time spent in this place.
 D = Time resting spent in this place.
 E = Time spent auto-exploring this place.
 F = Levels seen in this place.
 G = Mean time per level.
                   A        B        C        D        E       F      G
               +--------+--------+--------+--------+--------+-----+--------+
         Total |   1615 |   1553 |     62 |    100 |   1127 |   3 |  538.3 |
       Dungeon |   1615 |   1553 |     62 |    100 |   1127 |   3 |  538.3 |
               +--------+--------+--------+--------+--------+-----+--------+

Top non-repeatable levels by time:
     D:1: 697 daAuts
     D:2: 674 daAuts
     D:3: 243 daAuts
